 Dungeon Crawl Stone Soup version 0.19-a0-473-g3ac10ee (webtiles) character file.

10426 Grim the Grappler (level 11, -2/106 HPs)
             Began as a Ghoul Monk on June 4, 2016.
             Was a Follower of Uskayaw.
             Killed from afar by a molten gargoyle (4 damage)
             ... with a bolt of magma
             ... in a volcano.
             The game lasted 00:26:27 (9481 turns).

Grim the Grappler (Ghoul Monk)                      Turns: 9481, Time: 00:26:28

Health: -2/106     AC: 12    Str: 25    XL:     11   Next: 61%
Magic:  10/10      EV: 11    Int:  5    God:    Uskayaw [*.....]
Gold:   657        SH:  0    Dex: 14    Spells: 0 memorised, 10 levels left

rFire  + + .     SeeInvis .       - Unarmed
rCold  . . .     Gourm    .     l - +1 fire dragon armour
rNeg   + + +     Faith    .     (no shield)
rPois  ∞         Spirit   .     n - +1 helmet
rElec  .         Dismiss  .     (no cloak)
rCorr  .         Reflect  .     (no gloves)
SustAt .         Harm     .     (no boots)
MR     .....                    (no amulet)
Stlth  ..........               (no ring)
                                h - +4 ring of strength

@: mighty, about to teleport, rotting, not resistant to hostile enchantments,
extremely unstealthy
A: rotting body, claws 1, carnivore 3, cold resistance 1, negative energy
resistance 3, slow regeneration 1, torment resistance, unbreathing
a: Stomp, Renounce Religion


You were in a volcano.
You worshipped Uskayaw.
Uskayaw was aware of your devotion.
You were not hungry.

You visited 3 branches of the dungeon, and saw 13 of its levels.
You also visited: Volcano.

You collected 657 gold pieces.

Inventory:

Armour
 f - a +0 chain mail
 l - a +1 fire dragon armour (worn)
 n - a +1 helmet (worn)
 v - the +2 ring mail "Cuef" {Dex+3 Slay+2}
   (You found it on level 5 of the Dungeon)

   It affects your dexterity (+3).
   It affects your accuracy and damage with ranged weapons and melee attacks
   (+2).
Jewellery
 h - a +4 ring of strength (left claw)
 t - a cursed ring of teleportation {unknown}
 z - an uncursed ring of see invisible {unknown}
Wands
 e - a wand of digging (7/24)
 q - a wand of polymorph (10/24)
 D - a wand of lightning (1/15)
Scrolls
 m - 2 scrolls of magic mapping {unknown}
 o - a scroll of fog {unknown}
 r - 6 scrolls of remove curse
 s - 3 scrolls of recharging
 u - a scroll of fear
 x - a scroll of noise {unknown}
 y - 3 scrolls of random uselessness {unknown}
 C - a scroll of holy word {unknown}
 E - a scroll of amnesia {unknown}
 F - a scroll of vulnerability {unknown}
Potions
 j - 2 potions of degeneration {!q}
 k - 3 potions of lignification
 w - a potion of flight
 G - a potion of mutation {unknown}
Books
 d - a book of the Dragon

   Spells                             Type                      Level
   a - Flame Tongue                   Conjuration/Fire             1
   b - Cause Fear                     Hexes                        4
   c - Bolt of Fire                   Conjuration/Fire             6
   d - Dragon Form                    Transmutation                7
   e - Dragon's Call                  Summoning                    9
 p - a book of Alchemy

   Spells                             Type                      Level
   a - Sublimation of Blood           Necromancy                   2
   b - Ignite Poison                  Fire/Transmutation/Poison    3
   c - Petrify                        Transmutation/Earth          4
   d - Alistair's Intoxication        Transmutation/Poison         5
   e - Irradiate                      Conjuration/Transmutation    5
 A - Imicvin's Arcane Arts, Part Two
   (You found it on level 3 of the Lair of Beasts)

   Spells                             Type                      Level
   a - Song of Slaying                Charms                       2
   b - Confusing Touch                Hexes                        2
   c - Sublimation of Blood           Necromancy                   2
   d - Cure Poison                    Poison                       2
   e - Call Imp                       Summoning                    2
Comestibles
 b - 2 meat rations
 g - a royal jelly
 i - 5 beef jerkies
 B - 3 slices of pizza


   Skills:
 - Level 12.9 Fighting
 + Level 4.0 Armour
 - Level 2.6 Dodging
 - Level 2.1 Stealth
 + Level 14.1 Unarmed Combat


You had 10 spell levels left.
You didn't know any spells.

Dungeon Overview and Level Annotations

Branches:
Dungeon (9/15)             Temple (1/1) D:7            Lair (3/8) D:9
    Orc (0/2) D:9
  Swamp: Lair:3-6    Shoals: Lair:3-6     Snake: Lair:3-6    Spider: Lair:3-6

Altars:
Ashenzari
Cheibriados
Dithmenos
Elyvilon
Fedhas
Gozag
Hepliaklqana
Kikubaaqudgha
Makhleb
Nemelex Xobeh
Okawaru
Pakellas
Qazlal
Ru
Sif Muna
Trog
Uskayaw
Vehumet
Xom
Yredelemnul
Zin
The Shining One

Shops:
D:4 (   D:7 *

Annotations:
D:9 exclusion: ice statue


Innate Abilities, Weirdness & Mutations

Your body is rotting away.
You thrive on raw meat.
You are immune to poison.
You have sharp fingernails.
You are carnivorous and can eat meat at any time.
Your flesh is cold resistant. (rC+)
You are immune to negative energy. (rN+++)
You regenerate slowly when monsters are visible.
You are immune to unholy pain and torment.
You can survive without breathing.


Message History

As you read the scroll of fear, it crumbles to dust.
You assume a fearsome visage.
The molten gargoyle is unaffected.
The crimson imp is unaffected.
The hell knight looks frightened!
The toenail golem is unaffected.
The toenail golem misses you.
The crimson imp blinks!
As you read the scroll of teleportation, it crumbles to dust.
You feel strangely unstable.
The hell knight moans, "Oh dear!
Oh dear!"
The hell knight mumbles some strange words.
The hell knight blinks!
The toenail golem misses you.
The hell knight casts a spell.
The hell knight blinks!
The crimson imp shouts, "Return whence thou came, thou stinking spur-galled nert!"
The crimson imp barely misses you.
There is a rocky tunnel leading out of this place here.
The hell knight mumbles some strange words.
The hell knight blinks!
The crimson imp barely misses you.
The molten gargoyle blasts magma at you!
The bolt of magma hits you! You partially resist.
You die...

§§≈§§§≈≈....##
§§≈≈§≈§§.....# #####
≈§§§≈≈§≈≈≈§..###...##
§§§§§§≈≈§≈§§..#.)8..# #
§§≈≈§≈§≈≈≈≈§..#.....##.#
§§§≈≈≈≈≈≈≈....#.....8)?#
§§§≈§≈≈≈≈..####..⌠..#!$#
≈≈§≈≈§§≈§.## ##...##[$#
≈≈§≈≈§≈§..### ##@####'##
≈§§≈≈≈≈.§..8###589#...§##
≈≈§≈§§≈.....p.'.∩§'.._..#
≈≈§≈§≈.....8###...#....##
§≈≈≈≈....#### ##+####+##
.§....#### ####..# ####


You could see a toenail golem, a molten gargoyle and a crimson imp.

Vanquished Creatures
  Erolcha (D:8)
  2 komodo dragons (Lair:2)
  A red devil (Volcano)
  Grinder (D:6)
  Prince Ribbit (D:8)
  A blink frog (Lair:3)
  A wyvern (Lair:3)
  14 yaks
  6 fire bats
  A basilisk (Lair:1)
  3 hippogriffs
  A water moccasin (Lair:1)
  Edmund (D:5)
  2 porcupines
  3 ice beasts
  2 sky beasts
  2 orc warriors
  2 phantoms
  A black bear (D:9)
  2 ogres
  A centaur (D:9)
  A crocodile (Lair:3)
  A big kobold (D:7)
  11 giant frogs
  3 scorpions
  4 killer bees (D:9)
  6 wights
  3 howler monkeys (D:9)
  5 lava snakes (Volcano)
  A crimson imp (D:8)
  3 centaur zombies
  A giant frog zombie (D:9)
  2 hounds
  A quasit (D:9)
  An orc priest (D:3)
  5 jellies
  Jessica (D:2)
  4 iguanas
  2 giant frog skeletons
  Natasha (twice) (D:4)
  An orc wizard (D:7)
  8 worker ants
  A killer bee zombie (D:8)
  13 sheep
  A hound skeleton (D:5)
  2 worker ant zombies
  7 gnolls
  15 river rats (Lair:1)
  11 adders
  A shadow imp (D:6)
  2 oozes (D:2)
  6 worms
  2 dart slugs (D:2)
  5 giant geckos
  22 orcs
  6 giant cockroaches
  9 goblins
  4 hobgoblins
  10 kobolds
  3 quokkas
  7 ball pythons
  10 bats
  A giant gecko zombie (D:7)
  4 giant newts
  A quokka skeleton (D:5)
  12 rats
  A fungus (D:9)
  A plant (D:9)
272 creatures vanquished.

Vanquished Creatures (others)
  3 fungi (Lair:3)
  A plant (Lair:3)
4 creatures vanquished.

Grand Total: 276 creatures vanquished

Notes
Turn   | Place    | Note
--------------------------------------------------------------
     0 | D:1      | Grim the Ghoul Monk began the quest for the Orb.
     0 | D:1      | Reached XP level 1. HP: 19/19 MP: 0/0
   649 | D:1      | Reached XP level 2. HP: 24/25 MP: 1/1
  1044 | D:2      | Noticed Jessica
  1058 | D:2      | Reached skill level 5 in Unarmed Combat
  1058 | D:2      | Reached XP level 3. HP: 22/33 MP: 2/2
  1059 | D:2      | Killed Jessica
  1100 | D:2      | Reached XP level 4. HP: 39/41 MP: 3/3
  1144 | D:2      | Found a shadowy altar of Dithmenos.
  1144 | D:2      | Found a basalt altar of Yredelemnul.
  1148 | D:2      | Found an oddly glowing altar of Pakellas.
  1467 | D:2      | Reached XP level 5. HP: 38/47 MP: 4/4
  1535 | D:2      | Reached skill level 6 in Unarmed Combat
  1720 | D:3      | Found a sparkling altar of Nemelex Xobeh.
  1864 | D:3      | Reached skill level 5 in Fighting
  2148 | D:3      | Reached XP level 6. HP: 34/56 MP: 5/5
  2776 | D:4      | Found Ehotyle's Weapon Shop.
  3018 | D:4      | Noticed Natasha
  3026 | D:4      | Killed Natasha
  3073 | D:4      | Reached skill level 7 in Unarmed Combat
  3264 | D:4      | Noticed Natasha
  3271 | D:4      | Killed Natasha
  3271 | D:4      | Reached XP level 7. HP: 57/63 MP: 6/6
  3689 | D:5      | Entered Level 5 of the Dungeon
  3961 | D:5      | Got a faintly glowing ring mail
  3987 | D:5      | Identified the +2 ring mail "Cuef" {Dex+3 Slay+2} (You found it on level 5 of the Dungeon)
  4243 | D:6      | Reached skill level 8 in Unarmed Combat
  4343 | D:6      | Noticed Edmund
  4356 | D:6      | Reached XP level 8. HP: 58/73 MP: 7/7
  4396 | D:5      | Killed Edmund
  4604 | D:6      | Found an iron altar of Okawaru.
  4609 | D:6      | Noticed Grinder
  4621 | D:6      | Killed Grinder
  4621 | D:6      | Reached skill level 9 in Unarmed Combat
  4777 | D:6      | Reached XP level 9. HP: 74/83 MP: 8/8
  5181 | D:7      | Found a staircase to the Ecumenical Temple.
  5206 | D:7      | Reached skill level 10 in Unarmed Combat
  5215 | Temple   | Entered the Ecumenical Temple
  5263 | Temple   | Became a worshipper of Uskayaw the Reveler
  5263 | Temple   | Reached * piety under Uskayaw
  5492 | D:7      | Reached ** piety under Uskayaw
  5526 | D:7      | Found Supraob's Serpentskin Sales.
  5545 | D:7      | Reached *** piety under Uskayaw
  5550 | D:7      | Reached **** piety under Uskayaw
  5558 | D:7      | Reached ***** piety under Uskayaw
  5869 | D:8      | Reached skill level 10 in Fighting
  6032 | D:8      | Noticed Prince Ribbit
  6041 | D:8      | Killed Prince Ribbit
  6041 | D:8      | Reached skill level 11 in Unarmed Combat
  6423 | D:8      | Noticed Erolcha
  6430 | D:8      | Killed Erolcha
  6430 | D:8      | Reached XP level 10. HP: 40/96 MP: 2/9
  6890 | D:9      | Found a staircase to the Orcish Mines.
  6962 | D:9      | Noticed an ice statue
  6978 | D:9      | Reached skill level 12 in Unarmed Combat
  7075 | D:9      | Found a staircase to the Lair.
  7762 | Lair:1   | Entered Level 1 of the Lair of Beasts
  7762 | Lair:1   | Found a sparkling altar of Nemelex Xobeh.
  8518 | Lair:2   | Reached skill level 13 in Unarmed Combat
  8827 | Lair:2   | Reached XP level 11. HP: 105/105 MP: 10/10
  9008 | Lair:3   | Reached skill level 1 in Armour
  9180 | Lair:3   | Identified Imicvin's Arcane Arts, Part Two
  9292 | Lair:3   | Found a dark tunnel.
  9301 | Volcano  | Entered a volcano
  9380 | Volcano  | Reached skill level 14 in Unarmed Combat
  9471 | Volcano  | Found a burning altar of Makhleb.
  9471 | Volcano  | Noticed a hell knight
  9476 | Volcano  | HP: 5/106 [hell knight/halberd of flaming (20)]
  9476 | Volcano  | HP: 2/106 [hell knight/halberd of flaming (3)]
  9481 | Volcano  | Killed from afar by a molten gargoyle

Vault maps used:
D:1:      tarquinn_simple_flora_water_b, minmay_misc_feat_iff
D:2:      gammafunk_temple_overflow_claw, uniq_jessica
D:3:      nemelex_deck, st_stairs_3, moated_statue
D:4:      serial_shops, shop, first_bread, uniq_natasha
D:6:      lemuel_doored_altar, uniq_edmund, uniq_grinder
D:7:      minmay_temple_entry_butterflies, guppyfry_shop_venom
D:8:      uniq_prince_ribbit1, uniq_erolcha
D:9:      lemuel_ice_statue, due_lair_maze_entry_diamond, david_orc_3
Temple:   minmay_crystal_snake_temple_18
Lair:1:   basic_altar, grunt_megastairs_3
Lair:2:   st_stairs_5
Lair:3:   nicolae_volcano_entry_batcave, hangedman_lair_generics_rect
Volcano:  volcano_grotto

Skill      XL: |  1  2  3  4  5  6  7  8  9 10 11 |
---------------+----------------------------------+-----
Unarmed Combat | 5 6 7 8 9 11 13 14 | 14.1
Fighting       | 4 5 6 7 9 11 12 | 12.9
Armour         | 4 |  4.0
Dodging        | |  2.6
Stealth        | |  2.1

Action                   |  1- 3 |  4- 6 |  7- 9 | 10-12 || total
-------------------------+-------+-------+-------+-------++-------
Melee: Unarmed           |    63 |   219 |   268 |   284 ||   834
       Punch             |       |     4 |    17 |    21 ||    42
Invok: Stomp             |       |       |     3 |     3 ||     6
       Line Pass         |       |       |       |     2 ||     2
  Use: Potion            |       |     1 |     5 |     2 ||     8
       Scroll            |       |       |       |    14 ||    14
 Stab: Sleeping          |       |       |     3 |     1 ||     4
       Paralysed         |       |       |     3 |    13 ||    16
       Distracted        |       |       |       |     3 ||     3
  Eat: Chunk             |     7 |    16 |    16 |    52 ||    91
Armor: Chain mail        |    30 |    92 |     5 |       ||   127
       Ring mail         |       |       |    75 |    91 ||   166
       Fire dragon armou |       |       |       |    18 ||    18
Dodge: Dodged            |    14 |    67 |   131 |   186 ||   398
